 Dungeon Crawl Stone Soup version 0.27-a0-1200-g94dc6ad4cf (webtiles) character file.

Game seed: 15018512055161475232

7358 wakim the Grappler (level 10, -30/100 HPs)
             Began as a Troll Monk on May 31, 2021.
             Was a Believer of Qazlal.
             Annihilated by a fire dragon simulacrum (31 damage)
             ... on level 2 of the Abyss.
             The game lasted 00:31:11 (10129 turns).

wakim the Grappler (Troll Monk)                    Turns: 10129, Time: 00:31:12

Health: -30/100    AC:  5    Str: 24    XL:     10   Next: 91%
Magic:  13/13      EV: 12    Int:  6    God:    Qazlal [**....]
Gold:   450        SH:  3    Dex: 12    Spells: 9/9 levels left

rFire    . . .     SeeInvis +     - Unarmed
rCold    . . .     Faith    +   (no shield)
rNeg     + + .     Spirit   .   a - +0 robe
rPois    .         Reflect  .   k - +1 hat {SInv}
rElec    .         Harm     .   (no cloak)
rCorr    .         Rampage  .   (gloves unavailable)
Will     .....                  (boots unavailable)
Stlth    +.........             b - amulet of faith
HPRegen  1.26/turn              q - ring of positive energy
MPRegen  0.13/turn              f - ring of positive energy

@: about to teleport
A: large, unfitting armour, claws 3, regeneration 1, shaggy fur 1, tough skin 1
a: Renounce Religion, Upheaval


You were on level 2 of the Abyss.
You worshipped Qazlal.
Qazlal was pleased with you.
You visited 2 branches of the dungeon, and saw 12 of its levels.
You visited the Abyss 1 time.

You collected 450 gold pieces.

Inventory:

Hand Weapons
 l - a +1 hunting sling
Missiles
 e - 9 curare-tipped darts (quivered) {=f}
 h - 52 poisoned darts
 s - a throwing net {=f!f}
Armour
 a - a +0 robe (worn)
 k - a +1 hat of see invisible (worn)
Jewellery
 b - an amulet of faith (around neck)
 c - a +6 ring of intelligence
 f - a ring of positive energy (right claw)
 q - a ring of positive energy (left claw)
Wands
 i - a wand of charming (8)
 u - a wand of mindburst (12)
 v - a wand of flame (37)
 x - a wand of iceblast (3)
Scrolls
 g - a scroll of enchant weapon
 n - a scroll of vulnerability {unknown}
 T - 3 scrolls of teleportation
 W - a scroll of holy word
Potions
 d - a potion of flight {unknown}
 j - a potion of lignification {unknown}
 C - a potion of berserk rage {!q}
 D - 2 potions of brilliance
 E - 2 potions of cancellation
 F - a potion of curing
 H - a potion of haste
 I - a potion of invisibility
 M - 3 potions of mutation {!q}
 N - a potion of might


   Skills:
 + Level 6.5 Fighting
 - Level 3.5 Throwing
 + Level 7.4 Dodging
 - Level 1.0 Stealth
 * Level 10.6 Unarmed Combat
 * Level 5.7 Invocations


You had 9 spell levels left.
You didn't know any spells.
Your spell library contained the following spells:

 Spells                   Type           Power      Damage    Failure   Level
 Animate Skeleton         Necr           0%         N/A       45%         1
 Pain                     Necr           0%         1d4       45%         1
 Summon Small Mammal      Summ           0%         N/A       45%         1
 Call Imp                 Summ           0%         N/A       58%         2
 Call Canine Familiar     Summ           0%         N/A       83%         3
 Summon Guardian Golem    Hex/Summ       0%         N/A       83%         3
 Vampiric Draining        Necr           0%         2d6       83%         3
 Animate Dead             Necr           0%         N/A       99%         4
 Summon Ice Beast         Ice/Summ       0%         N/A       99%         4
 Summon Lightning Spire   Summ/Air       0%         N/A       99%         4
 Agony                    Necr           0%         N/A       100%        5
 Bolt of Magma            Conj/Fire/Erth 0%         4d4       100%        5
 Iskenderun's Battlesphe  Conj           0%         2d6       100%        5
 Iron Shot                Conj/Erth      0%         9d1       100%        6
 Orb of Destruction       Conj           0%         N/A       100%        7
 Spellforged Servitor     Conj/Summ      0%         N/A       100%        7


Dungeon Overview and Level Annotations

Branches:
Dungeon (11/15)            Temple (1/1) D:5            Lair (0/6) D:10
    Orc: D:9-12

Altars:
Ashenzari
Cheibriados
Dithmenos
Elyvilon
Fedhas
Gozag
Hepliaklqana
Kikubaaqudgha
Makhleb
Nemelex Xobeh
Okawaru
Qazlal
Ru
Sif Muna
Trog
Uskayaw
Vehumet
Wu Jian
Xom
Yredelemnul
Zin
The Shining One

Shops:
D:4 (   D:6 (   D:7 [   D:8 [

Annotations:
D:8 1 runed translucent door, exclusion: 4 orange crystal statues


Innate Abilities, Weirdness & Mutations

You are too large for most types of armour.
You have claws for hands.
Your natural rate of healing is unusually fast.
You are covered in fur. (AC +1)
You have tough skin. (AC +1)


Message History

The tarantella bites you!
* * * LOW HITPOINT WARNING * * *
The wizard hits you with a +0 dagger.
* * * LOW HITPOINT WARNING * * *
You scratch the wizard.
The wizard is almost dead.
The tarantella bites you!
* * * LOW HITPOINT WARNING * * *
The wizard points at you and mumbles some strange words.
You are cast into the Abyss!
To return, you must find a gate leading back.
Killing monsters will force the Abyss to allow you passage.
This branch contains the abyssal rune of Zot.
A large abomination comes into view.
Unknown command.
A fire dragon simulacrum comes into view.
As you read the scroll of teleportation, it crumbles to dust.
You feel strangely unstable.
You feel the power of the Abyss delaying your translocation!
The large abomination hits you!!
You claw the fire dragon simulacrum!
The fire dragon simulacrum is heavily damaged.
The large abomination barely misses you.
You block the fire dragon simulacrum's attack.
The fire dragon simulacrum claws you!
The fire dragon simulacrum freezes you!!
* * * LOW HITPOINT WARNING * * *
The fire dragon simulacrum tramples you.
* * * LOW HITPOINT WARNING * * *
The fire dragon simulacrum freezes you!!
* * * LOW HITPOINT WARNING * * *
The fire dragon simulacrum barely misses you.
The fire dragon simulacrum claws you!
* * * LOW HITPOINT WARNING * * *
The fire dragon simulacrum freezes you!
* * * LOW HITPOINT WARNING * * *
The fire dragon simulacrum tramples you.
* * * LOW HITPOINT WARNING * * *
The fire dragon simulacrum freezes you!!
You die...

#.....# . ##... # .
... ##....# ####.# #
...#....## .#...#.#
.... ....## ..#...#
.......... ####..#..#
..........##.○..##..#
................Z...#
.♣...#.......#.X@..##
.#. #.....####..#..#
##. #.....#. #...#..#
. ..##..... .##.# ##
##.##§..##### .# .
.#..# ## .#.


You could see a large abomination and a fire dragon simulacrum.

Vanquished Creatures
  A deep elf pyromancer (D:10)
  An ugly thing (D:10)
  2 trolls
  2 shadows (D:10)
  A wraith (D:6)
  A vampire (D:10)
  2 wyverns (D:10)
  A steam dragon (D:9)
  2 basilisks (D:10)
  5 water moccasins
  An orc warrior (D:5)
  6 black bears
  2 necrophages
  2 ogres
  3 centaurs
  A phantom (D:7)
  4 kobold brigands
  2 bullfrogs
  3 scorpions (D:5)
  A wyvern skeleton (D:7)
  15 killer bees
  8 wights
  10 howler monkeys
  2 centaur zombies (D:9)
  2 jellies
  6 hounds
  An orc priest (D:8)
  2 gnoll shamans
  A bullfrog zombie (D:5)
  A centaur skeleton (D:6)
  2 bullfrog skeletons
  6 iguanas
  3 orc wizards
  A killer bee zombie (D:9)
  5 adders
  10 gnolls
  A howler monkey skeleton (D:7)
  3 shadow imps
  4 ufetubi
  An adder skeleton (D:2)
  2 worms (D:2)
  4 dart slugs
  20 orcs
  4 ball pythons
  7 bats
  4 endoplasms
  5 giant cockroaches
  4 goblins
  6 hobgoblins
  5 jackals
  16 kobolds
  3 quokkas
  3 frilled lizards
  3 rats
213 creatures vanquished.

Vanquished Creatures (others)
  4 fungi (D:10)
  7 plants (D:10)
11 creatures vanquished.

Grand Total: 224 creatures vanquished

Notes
Turn   | Place    | Note
-------+----------+-------------------------------------------
     0 | D:1      | wakim the Troll Monk began the quest for the Orb.
     0 | D:1      | Reached XP level 1. HP: 22/22 MP: 0/0
   223 | D:1      | You fall into a shaft and drop 1 floor!
   227 | D:2      | Reached XP level 2. HP: 29/29 MP: 1/1
   650 | D:2      | Reached XP level 3. HP: 32/36 MP: 2/2
   887 | D:2      | Found a faded altar of an unknown god.
  1450 | D:1      | Reached skill level 4 in Unarmed Combat
  1908 | D:3      | Reached XP level 4. HP: 44/44 MP: 3/3
  2314 | D:4      | Reached XP level 5. HP: 38/53 MP: 4/4
  2352 | D:4      | Found Heigum's Weapon Shop.
  2456 | D:4      | Reached skill level 5 in Unarmed Combat
  2688 | D:4      | Reached XP level 6. HP: 46/61 MP: 5/5
  3168 | D:4      | Found an ornate altar of the Wu Jian Council.
  3203 | D:5      | Entered Level 5 of the Dungeon
  3389 | D:5      | Reached skill level 6 in Unarmed Combat
  3389 | D:5      | Reached XP level 7. HP: 58/68 MP: 6/6
  3603 | D:5      | Reached skill level 1 in Throwing
  3765 | D:5      | Reached XP level 8. HP: 79/79 MP: 7/7
  3975 | D:5      | Reached skill level 7 in Unarmed Combat
  4065 | D:5      | Reached skill level 5 in Dodging
  4489 | D:5      | Found a staircase to the Ecumenical Temple.
  4498 | Temple   | Entered the Ecumenical Temple
  4822 | D:6      | Found Afreix's Antique Weapon Emporium.
  4853 | D:6      | Reached skill level 8 in Unarmed Combat
  5081 | D:6      | Reached skill level 5 in Fighting
  5081 | D:6      | Reached XP level 9. HP: 80/88 MP: 8/8
  5171 | D:6      | Identified the +0 buckler "Afid" {*Corrode +Inv Dex+4
                  | Slay+5}
  5173 | D:6      | Found a broken altar of Ashenzari.
  6063 | D:7      | Found Ufosyxus's Antique Armour Emporium.
  6133 | D:7      | Found an iron altar of Okawaru.
  6389 | D:7      | Found a snail-covered altar of Cheibriados.
  6396 | D:7      | Found a stormy altar of Qazlal.
  6400 | D:7      | Became a worshipper of Qazlal Stormbringer
  6400 | D:7      | Reached * piety under Qazlal
  6400 | D:7      | Reached ** piety under Qazlal
  6453 | D:8      | Found Cheibriados's Comfort Zone.
  6454 | D:8      | Found a snail-covered altar of Cheibriados.
  6520 | D:8      | Reached skill level 1 in Invocations
  6575 | D:8      | Found a runed translucent door.
  6584 | D:8      | Found the +10 tower shield of Ignorance {rN+ Int-4}
  6784 | D:8      | Reached skill level 9 in Unarmed Combat
  7172 | D:8      | Found a runed translucent door.
  7173 | D:8      | Noticed an orange crystal statue
  7198 | D:8      | Noticed an orange crystal statue
  7198 | D:8      | Noticed an orange crystal statue
  7198 | D:8      | Noticed an orange crystal statue
  7199 | D:8      | Noticed a cyclops
  7591 | D:9      | Found a sacrificial altar of Ru.
  7849 | D:9      | Reached XP level 10. HP: 77/98 MP: 11/11
  8194 | D:10     | Entered Level 10 of the Dungeon
  8472 | D:10     | Reached *** piety under Qazlal
  8609 | D:10     | Reached skill level 10 in Unarmed Combat
  9003 | D:10     | Found a staircase to the Lair.
  9017 | D:10     | Noticed a deep elf pyromancer
  9025 | D:10     | Killed a deep elf pyromancer
  9026 | D:10     | Reached skill level 5 in Invocations
  9616 | D:10     | Noticed a brown ugly thing
  9844 | D:10     | Killed a brown ugly thing
  9983 | D:11     | Noticed a wizard
 10054 | D:10     | Cast into level 2 of the Abyss (a wizard)
 10116 | Abyss:2  | Noticed a large abomination
 10129 | Abyss:2  | HP: 1/100 [fire dragon simulacrum (6)]
 10129 | Abyss:2  | Annihilated by a fire dragon simulacrum

Illustrated notes

Levels and vault maps discovered:
D:1:      eino_arrival_water_cross, layout_basic
D:2:      layout_basic, ebering_ecumenical_altar_box, corexii_leaking_fountain
D:3:      layout_rooms, grunt_ministairs_7, kennysheep_generic_room_11
D:4:      layout_basic, kennysheep_little_box, serial_shops, shop_statue
D:5:      minmay_recursive_quarters, layout_basic,
          minmay_temple_entry_enclosed_plants
D:6:      layout_gridville, evilmike_ruin_ashenzari, serial_shops,
          nicolae_shop_stone, serial_rivers, chequers_serial_rivers_micro_c,
          chequers_serial_rivers_micro_e, chequers_serial_rivers_micro_a,
          chequers_serial_rivers_micro_a, grunt_decor_arrowhead,
          minmay_curled_crystal, amcnicky_mini_rare_corridor_liquid
D:7:      layout_loops_ring, okawaru_gym_becter,
          amethyst_overflow_temple_binary, serial_shops, shop
D:8:      layout_loops_cross, nicolae_two_hexagons, supply_closet_lemuel,
          minmay_shop_chei, chequers_guarded_unrand_ignorance
D:9:      layout_basic, old_standard_altar
D:10:     layout_layer_cave, minmay_lair_entry_grove,
          kennysheep_opposing_triangles
D:11:     minmay_the_grid_square_5x5_4x4_mashed
          [minmay_the_grid_square_5x5_n_small,
          minmay_the_grid_square_5x5_two_small,
          minmay_the_grid_square_5x5_tri_point,
          minmay_the_grid_square_5x5_hollow_slash,
          minmay_the_grid_square_5x5_checkered,
          minmay_the_grid_square_5x5_prize_open,
          minmay_the_grid_square_5x5_prize_monsterx,
          minmay_the_grid_square_5x5_n,
          minmay_the_grid_square_5x5_inverted_slash,
          minmay_the_grid_square_5x5_prize_open,
          minmay_the_grid_square_5x5_prize_snowflake,
          minmay_the_grid_square_5x5_shrine2,
          minmay_the_grid_square_5x5_half_checkered,
          minmay_the_grid_square_5x5_checkered_statues,
          minmay_the_grid_square_5x5_c,
          minmay_the_grid_square_5x5_broken_cross], layout_rooms,
          amethyst_killhole
Temple:   regret_index_temple_sphere_string
Abyss:2:  base:
Temple

Skill      XL: |  1  2  3  4  5  6  7  8  9 10 |
---------------+-------------------------------+-----
Unarmed Combat | 4 5 6 8 9 10 | 10.6
Dodging        | 3 4 5 6 7 |  7.4
Fighting       | 3 4 5 6 |  6.5
Throwing       | 1 3 |  3.5
Invocations    | 3 5 |  5.7
Stealth        | |  1.0

Action                   |  1- 3 |  4- 6 |  7- 9 | 10-12 || total
-------------------------+-------+-------+-------+-------++-------
Melee: Unarmed           |    95 |   101 |   356 |   126 ||   678
       Punch             |       |     3 |    14 |     9 ||    26
Throw: Dart              |       |    12 |    29 |     3 ||    44
Invok: Upheaval          |       |       |     2 |     3 ||     5
  Use: Scroll            |       |       |    18 |     5 ||    23
       Potion            |       |       |     3 |     3 ||     6
 Stab: Sleeping          |     3 |       |     1 |       ||     4
Armor: Robe              |    34 |    25 |    74 |    41 ||   174
Dodge: Dodged            |    48 |    39 |   185 |    97 ||   369
Block: Other             |       |       |    15 |    20 ||    35

Table legend: (Time is in decaauts)
 A = Elapsed time spent in this place.
 B = Non-inter-level travel time spent in this place.
 C = Inter-level travel time spent in this place.
 D = Time resting spent in this place.
 E = Time spent auto-exploring this place.
 F = Levels seen in this place.
 G = Mean time per level.
                   A        B        C        D        E       F      G
               +--------+--------+--------+--------+--------+-----+--------+
         Total |  10034 |   9694 |    340 |    116 |   7692 |  13 |  771.8 |
       Dungeon |   9819 |   9486 |    333 |    116 |   7504 |  11 |  892.6 |
        Temple |    140 |    133 |      7 |      0 |    127 |   1 |  140.0 |
         Abyss |     74 |     74 |      0 |      0 |     61 |   1 |   74.0 |
               +--------+--------+--------+--------+--------+-----+--------+

Top non-repeatable levels by time:
    D:10: 1783 daAuts
     D:5: 1274 daAuts
     D:8: 1027 daAuts
     D:6: 1001 daAuts
     D:4: 973 daAuts
     D:1: 968 daAuts
     D:2: 920 daAuts
     D:7: 740 daAuts
     D:9: 714 daAuts
     D:3: 375 daAuts
  Temple: 140 daAuts
 Abyss:2: 74 daAuts
    D:11: 39 daAuts
